 Dungeon Crawl Stone Soup version 0.29.1-15-g9cfb28693d (webtiles) character file.

Game seed: 8381114903767268382

10080 javelincjr the Fighter (level 11, -19/84 HPs)
             Began as a Djinni Conjurer on Mar 12, 2023.
             Was an Elder of Makhleb.
             Demolished by a white ugly thing (40 damage)
             ... on level 13 of the Dungeon on Mar 13, 2023.
             The game lasted 01:16:28 (11773 turns).

javelincjr the Fighter (Djinni Conjurer)           Turns: 11773, Time: 01:16:30

Health: -19/84     AC: 21    Str: 12    XL:     11   Next: 86%
Gold:   442        EV: 13    Int: 20    God:    Makhleb [****..] SH:  5 Dex: 12

rFire   + + .      SeeInvis .   y - +4 hand axe of the Dragonfly {vorpal, rPois Will- Str+2}
rCold   x . .      Faith    .   f - +0 buckler
rNeg    . . .      Spirit   .   L - +0 acid dragon scales
rPois   ∞          Reflect  .   o - +1 helmet
rElec   .          Harm     .   K - +1 cloak {Will+}
rCorr   +          Rampage  .   D - +0 pair of gloves
Will    +....      NoTele   +   (boots unavailable)
Stlth   +++.......              w - amulet of regeneration
HPRegen 1.04/turn               i - +4 ring of protection
MPRegen 0.00/turn               g - +4 ring of protection

@: immobile, flying, very slightly contaminated
A: sickness immunity, fire resistance 2, cold vulnerability 1, float, innate
caster, HP casting, extra vitality 1
a: Renounce Religion, Minor Destruction, Lesser Servant of Makhleb, Major
Destruction


You were on level 13 of the Dungeon.
You worshipped Makhleb.
Makhleb was greatly pleased with you.
You visited 2 branches of the dungeon, and saw 12 of its levels.
You also visited: Sewer.

You collected 442 gold pieces.

Inventory:

Hand Weapons
 j - a +0 flail
 k - a +4 sling of freezing
 t - a +2 whip of venom
 y - the +4 hand axe of the Dragonfly (weapon) {vorpal, rPois Will- Str+2}
   (You found it on level 4 of the Dungeon)

   It inflicts extra damage upon your enemies.
   Str:       It affects your strength (+2).
   rPois:     It protects you from poison.
   Will:      It decreases your willpower.
 A - a +3 dagger
Missiles
 a - 5 boomerangs of dispersal
 E - 2 throwing nets
Armour
 f - a +0 buckler (worn)
 h - a +2 scale mail of positive energy
 o - a +1 helmet (worn)
 D - a +0 pair of gloves (worn)
 K - a +1 cloak of willpower (worn)
 L - +0 acid dragon scales (worn)
Jewellery
 g - a +4 ring of protection (right hand)
 i - a +4 ring of protection (left hand)
 w - an amulet of regeneration (around neck)
 B - a ring of positive energy
Wands
 m - a wand of flame (20)
 G - a wand of paralysis (8)
 I - a wand of iceblast (14)
 J - a wand of mindburst (11)
Scrolls
 b - a scroll of summoning
 c - a scroll of torment {unknown}
 d - 4 scrolls of poison
 e - 2 scrolls of blinking
 l - 4 scrolls of enchant armour
 n - 6 scrolls of teleportation
 u - 5 scrolls of fog
 v - 3 scrolls of fear
 x - 6 scrolls of noise
 z - a scroll of acquirement {unknown}
 M - 2 scrolls of identify
Potions
 p - 4 potions of curing
 q - a potion of heal wounds
 r - 5 potions of cancellation
 s - 2 potions of mutation {unknown}
 C - 4 potions of lignification {unknown}
 F - 2 potions of resistance {unknown}
 H - a potion of ambrosia {unknown}


   Skills:
 * Level 9.0 Fighting
 + Level 6.2 Armour
 + Level 7.4 Dodging
 + Level 6.1 Stealth
 + Level 3.8 Shields
 * Level 7.8 Spellcasting
 + Level 3.7 Invocations


You couldn't memorise any spells.
You knew the following spells:

 Your Spells              Type           Power      Damage    Failure   Level
a - Magic Dart            Conj           100%       1d8       1%          1
b - Searing Ray           Conj           78%        2d7       1%          2
c - Dazzling Flash        Conj/Hex       78%        N/A       1%          3
d - Fulminant Prism       Conj/Hex       19%        3d11      6%          4
e - Iskenderun's Mystic   Conj/Tloc      39%        2d9       6%          4
f - Slow                  Hex            100%       N/A       1%          1
g - Passwall              Tmut/Erth      32%        N/A       1%          2
h - Conjure Flame         Conj/Fire      39%        6-21      1%          3
i - Ozocubu's Armour      Ice            39%        N/A       1%          3
j - Silence               Hex/Air        19%        N/A       19%         5
Your spell library was empty.

Dungeon Overview and Level Annotations

Branches:
Dungeon (10/15)            Temple (1/1) D:7            Lair (0/5) D:9
    Orc (0/2) D:9           Sewer (visited)

Altars:
Ashenzari
Cheibriados
Dithmenos
Fedhas
Gozag
Hepliaklqana
Makhleb
Nemelex Xobeh
Qazlal
Ru
Trog
Uskayaw
Wu Jian
Xom
Yredelemnul
Zin
The Shining One

Shops:
D:9 :

Annotations:
D:13 Frances


Innate Abilities, Weirdness & Mutations

You are immune to sickness and miasma.
You are immune to poison.
Your flesh is very heat resistant. (rF++)
You are vulnerable to cold. (rC-)
You float through the air rather than walking.
You learn spells naturally, not from books.
Your magical power is your life essence.
You have superior vitality. (+4 MHP)


Message History

Your fulminant prism crackles loudly.
You feel much better.
The centaur warrior shoots an arrow.
The arrow hits you!
The skeletal warrior throws a poisoned dart.
The poisoned dart hits you! The troll bites you but does no damage.
You block the troll's attack. The troll claws you!
Your fulminant prism explodes!
The blast of energy engulfs Frances!!
Frances is lightly wounded.
The blast of energy engulfs the centaur warrior!
The centaur warrior is severely wounded.
The blast of energy engulfs the white ugly thing!!
The white ugly thing is heavily wounded.
The blast of energy engulfs the red devil!!
The red devil is severely wounded.
The blast of energy engulfs the red devil!!
The red devil is severely wounded.
You hear a roar!
You hear two shouts!
Casting: Iskenderun's Mystic Blast (dangerous; 6% risk of failure)
Confirm with . or Enter, or press ? or * to list all spells.
You erupt in a blast of force!
The mystic blast hits the troll!
The troll is moderately wounded.
The troll is knocked back by the mystic blast.
The mystic blast hits the white ugly thing.
The white ugly thing is severely wounded.
The white ugly thing is knocked back by the mystic blast.
The mystic blast hits the centaur warrior.
The centaur warrior is severely wounded.
The centaur warrior is knocked back by the mystic blast.
* * * LOW HITPOINT WARNING * * *
Casting: Iskenderun's Mystic Blast (dangerous; 6% risk of failure)
Confirm with . or Enter, or press ? or * to list all spells.
You miscast Iskenderun's Mystic Blast.
Space twists in upon itself.
You are magically locked in place.
* * * LOW HITPOINT WARNING * * *
The centaur warrior shoots an arrow.
The arrow completely misses you.
Frances howls an indescribable curse.
The white ugly thing pecks you.
* * * LOW HITPOINT WARNING * * *
The white ugly thing freezes you!!!
You feel a terrible chill!
You die...

.. #... ######.# .
##...##..#...#..8
##...............8
#............#.>..
##....../.##...[.. .
#..........c..# ..
#........@u..# ...
#...).z...@..# .888
...♣♣.....T44.#..888
♣?..............
♣♣..............
♣♣.............
♣♣............
♣♣...........
♣...........


You could see Frances (fast), a white ugly thing (very poisoned), a skeletal
warrior, a centaur warrior, a troll and 2 red devils.

Vanquished Creatures
  A two-headed ogre (D:13)
  Joseph (D:8)
  Maggie (D:6)
  A komodo dragon (D:9)
  2 polar bears (D:8)
  2 hornets (D:9)
  A dream sheep (D:8)
  4 yaks (D:8)
  3 wyverns (D:8)
  2 hogs (D:8)
  Eustachio (D:5)
  A steam dragon (D:8)
  Edmund (D:4)
  Menkaure (D:6)
  2 acid dragons
  2 water moccasins
  11 orc warriors
  A sky beast (D:7)
  2 ice beasts
  11 black bears
  5 wolves (D:8)
  2 ogres (D:5)
  A centaur (D:8)
  2 phantoms
  5 kobold brigands
  3 scorpions
  4 wights (D:9)
  7 killer bees (D:8)
  A howler monkey (D:9)
  An electric eel (D:8)
  3 jellies
  A gnoll bouda (D:8)
  6 orc priests
  2 hounds
  Crazy Yiuf (D:6)
  10 orc wizards
  A centaur simulacrum (D:8)
  Robin (D:2)
  12 gnolls
  4 river rats (Sewer)
  11 adders
  A shadow imp (D:7)
  6 white imps
  3 ufetubi
  9 worms
  A dart slug (D:2)
  63 orcs
  11 endoplasms
  10 giant cockroaches
  14 goblins
  11 hobgoblins
  3 iguanas
  7 jackals
  19 kobolds
  8 quokkas
  11 ball pythons
  6 bats
  5 frilled lizards
  4 rats
326 creatures vanquished.

Vanquished Creatures (others)
  74 fulminant prisms
  41 plants
  A withered plant (D:1)
116 creatures vanquished.

Grand Total: 442 creatures vanquished

Notes
Turn   | Place    | Note
-------+----------+-------------------------------------------
     0 | D:1      | javelincjr the Djinni Conjurer began the quest for the Orb.
     0 | D:1      | javelincjr set off with the following spells memorised:
                  | Magic Dart, Searing Ray, Dazzling Flash, Fulminant Prism,
                  | Iskenderun's Mystic Blast.
     0 | D:1      | Reached XP level 1. HP: 15/15 MP: 0/0
   315 | D:1      | Reached XP level 2. HP: 17/21 MP: 0/0
   839 | D:1      | Found a faded altar of an unknown god.
  1336 | D:2      | Reached XP level 3. HP: 22/25 MP: 0/0
  1336 | D:2      | Learned a level 1 spell: Slow
  1985 | D:2      | Reached skill level 1 in Fighting
  2069 | D:2      | Reached XP level 4. HP: 21/32 MP: 0/0
  2744 | D:2      | Noticed Robin
  2758 | D:2      | Killed Robin
  3004 | D:2      | Found a glowing golden altar of the Shining One.
  3379 | D:2      | Reached XP level 5. HP: 27/38 MP: 0/0
  3379 | D:2      | Learned a level 2 spell: Passwall
  3555 | D:3      | Reached skill level 1 in Armour
  3561 | D:3      | Reached skill level 2 in Fighting
  3732 | D:3      | Found a shimmering altar of Xom.
  3756 | D:3      | Reached XP level 6. HP: 12/45 MP: 0/0
  3904 | D:3      | Found a glowing drain.
  4018 | Sewer    | Entered a sewer
  4916 | Sewer    | Reached skill level 3 in Fighting
  5696 | D:3      | Reached XP level 7. HP: 43/50 MP: 0/0
  5696 | D:3      | Learned a level 3 spell: Conjure Flame
  5831 | D:4      | Identified the +4 hand axe of the Dragonfly {vorpal, rPois
                  | Will- Str+2}
  5952 | D:4      | Noticed Edmund
  5979 | D:4      | Killed Edmund
  6734 | D:5      | Entered Level 5 of the Dungeon
  6776 | D:5      | Reached skill level 4 in Fighting
  6785 | D:5      | Reached XP level 8. HP: 55/58 MP: 0/0
  6790 | D:5      | Noticed Eustachio
  6819 | D:5      | Killed Eustachio
  6845 | D:5      | Found a blossoming altar of Fedhas.
  7100 | D:5      | Reached skill level 5 in Spellcasting
  7170 | D:5      | Identified the +7 plate armour "Wuecuroim" {-Tele rC+
                  | Dex+7}
  7259 | D:5      | Found a burning altar of Makhleb.
  7265 | D:5      | Became a worshipper of Makhleb the Destroyer
  7701 | D:6      | Reached skill level 5 in Fighting
  7870 | D:6      | Found a runed translucent door.
  7871 | D:6      | Noticed Crazy Yiuf
  7879 | D:6      | Killed Crazy Yiuf
  7916 | D:6      | Reached XP level 9. HP: 64/65 MP: 0/0
  7916 | D:6      | Learned a level 3 spell: Ozocubu's Armour
  7942 | D:6      | Reached skill level 5 in Dodging
  8005 | D:6      | Noticed Menkaure
  8010 | D:6      | Killed Menkaure
  8236 | D:6      | Noticed Maggie
  8246 | D:6      | Killed Maggie
  8247 | D:6      | Reached skill level 6 in Fighting
  8688 | D:7      | Found a staircase to the Ecumenical Temple.
  8712 | Temple   | Entered the Ecumenical Temple
  9002 | D:7      | Reached * piety under Makhleb
  9322 | D:7      | Reached XP level 10. HP: 62/73 MP: 0/0
  9572 | D:7      | Found a runed translucent door.
  9636 | D:7      | Reached ** piety under Makhleb
  9708 | D:8      | Reached skill level 7 in Fighting
  9711 | D:8      | Reached skill level 5 in Stealth
  9714 | D:8      | Reached skill level 1 in Shields
  9714 | D:8      | Reached skill level 1 in Invocations
  9777 | D:8      | Reached skill level 5 in Armour
  9779 | D:8      | Noticed Joseph
  9813 | D:8      | Killed Joseph
 10315 | D:8      | Found a huge runed translucent gate.
 10316 | D:8      | Found a huge runed translucent gate.
 10337 | D:8      | Found a huge runed translucent gate.
 10338 | D:8      | Found a huge runed translucent gate.
 10355 | D:8      | Reached *** piety under Makhleb
 10356 | D:8      | Reached skill level 8 in Fighting
 10356 | D:8      | Reached XP level 11. HP: 61/81 MP: 0/0
 10356 | D:8      | Learned a level 5 spell: Silence
 10457 | D:8      | Found a sacrificial altar of Ru.
 10759 | D:9      | Reached **** piety under Makhleb
 10768 | D:9      | Found a staircase to the Orcish Mines.
 10871 | D:9      | Found Juwn's Book Shop.
 10927 | D:9      | Found a staircase to the Lair.
 11191 | D:9      | Found a glowing golden altar of the Shining One.
 11658 | D:10     | Entered Level 10 of the Dungeon
 11714 | D:10     | You are sucked into a shaft and drop 3 floors!
 11745 | D:13     | Noticed a two-headed ogre
 11755 | D:13     | Killed a two-headed ogre
 11756 | D:13     | Reached skill level 9 in Fighting
 11757 | D:13     | Noticed a skeletal warrior
 11760 | D:13     | Noticed a centaur warrior
 11764 | D:13     | Noticed Frances
 11765 | D:13     | Noticed a white ugly thing
 11773 | D:13     | Demolished by a white ugly thing

Illustrated notes

Levels and vault maps discovered:
D:1:      giann_forest_graveyard, layout_basic, shapermc_ecumenical_altar_gd
D:2:      layout_loops_corners, basic_altar, minivault_23,
          minmay_misc_feat_tiny, uniq_robin
D:3:      layout_rooms, dk_xom_monty_hall, gup_sewer_entry_bubbles
D:4:      layout_basic, minmay_misc_feat_five, uniq_edmund
D:5:      layout_cave_pods, mainiacjoe_overflow_cross_hatched, fedhas_altar_1,
          uniq_eustachio
D:6:      layout_basic, uniq_maggie, uniq_crazy_yiuf_cottage, uniq_menkaure
D:7:      layout_loops_ring, minmay_temple_entry_antechambers,
          lightli_church_of_beogh
D:8:      lemuel_bear_cage, layout_basic, mainiacjoe_overflow_alcove_1,
          serial_ice, serial_ice_f, serial_ice_l, serial_ice_h, serial_ice_o,
          serial_ice_n, minivault_4, uniq_joseph
D:9:      layout_grid_maze, nicolae_tso_carved_into_rock, david_lair_shrubbed,
          david_orc_5, serial_shops, nicolae_shop_hallway_plus, minivault_21,
          nrook_mini_vaults
D:10:     layout_basic, chequers_temple_overflow_minitemple,
          mainiacjoe_overflow_catwalk, serial_shops,
          nicolae_shop_advertising_works [nicolae_subvault_shop_adworks],
          chequers_jeans, hangedman_decor_peaks_small,
          hangedman_abyss_or_decor_clamps, nicolae_diode_quadrants
D:13:     layout_cave_pools, david_vaults_1, gammafunk_ghost_crypt,
          serial_bayou, serial_bayou_pond_e, serial_bayou_shore_a,
          serial_bayou_shore_b, serial_bayou_ford_a, hellmonk_bongcloud_opening,
          uniq_frances, uniq_josephine, uniq_azrael
Temple:   nicolae_temple_figure_eight

Skill      XL: |  1  2  3  4  5  6  7  8  9 10 11 |
---------------+----------------------------------+-----
Stealth        | 2 3 4 5 6 |  6.1
Fighting       | 1 2 3 4 5 6 8 9 |  9.0
Dodging        | 3 4 5 6 7 |  7.4
Armour         | 1 2 3 4 5 6 |  6.2
Spellcasting   | 4 5 6 7 |  7.8
Shields        | 2 3 |  3.8
Invocations    | 2 3 |  3.7

Action                   |  1- 3 |  4- 6 |  7- 9 | 10-12 || total
-------------------------+-------+-------+-------+-------++-------
Melee: Spear             |       |     1 |       |       ||     1
       Whip              |       |    20 |     8 |       ||    28
       Hand axe          |       |       |    29 |    34 ||    63
 Cast: Magic Dart        |    79 |   149 |   130 |    67 ||   425
       Searing Ray       |     3 |    20 |    26 |     6 ||    55
       Fulminant Prism   |       |     4 |    18 |    52 ||    74
       Iskenderun's Myst |       |     2 |    26 |    79 ||   107
       Slow              |       |       |     3 |     2 ||     5
       Ozocubu's Armour  |       |       |       |     1 ||     1
       Dazzling Flash    |       |       |       |     1 ||     1
  Use: Potion            |       |       |     1 |     2 ||     3
       Scroll            |       |       |     7 |     2 ||     9
Armor: Robe              |     1 |    22 |    26 |       ||    49
       Acid dragon scale |       |       |    17 |    70 ||    87
       Scale mail        |       |       |       |     3 ||     3
Dodge: Dodged            |     6 |    34 |    71 |    85 ||   196
Block: Buckler           |       |       |       |    25 ||    25
